 Dungeon Crawl Stone Soup version 0.23.2-32-g37ab1d4649 (webtiles) character file.

Game seed: 1105818493789539589

97 FABLE the Caller (level 4, 0/24 HPs)
             Began as a Deep Elf Summoner on June 25, 2019.
             Shot with an arrow by a centaur (9 damage)
             ... on level 5 of the Dungeon.
             The game lasted 00:13:47 (1961 turns).

FABLE the Caller (Deep Elf Summoner)                Turns: 1961, Time: 00:13:47

Health: 0/24       AC:  5    Str:  5    XL:     4   Next: 42%
Magic:  10/12      EV: 13    Int: 21    God:
Gold:   104        SH:  0    Dex: 15    Spells: 3/12 levels left

rFire    x . .     SeeInvis .   h - +0 flail
rCold    + . .     Gourm    .   (no shield)
rNeg     . . .     Faith    .   a - +0 robe
rPois    .         Spirit   .   (no helmet)
rElec    .         Reflect  .   (no cloak)
rCorr    .         Harm     .   j - +2 pair of gloves
MR       .....                  (no boots)
Stlth    ++........             d - amulet of magic regeneration
HPRegen  0.08/turn              k - ring of ice
MPRegen  0.38/turn              (no ring)

@: no status effects
A: no striking features
a: no special abilities


You were on level 5 of the Dungeon.
You were not hungry.

You visited 1 branch of the dungeon, and saw 5 of its levels.

You collected 104 gold pieces.

Inventory:

Hand Weapons
 h - a +0 flail (weapon)
Missiles
 b - 107 stones (quivered)
 e - 22 sling bullets
Armour
 a - a +0 robe (worn)
 i - a +0 large shield
 j - a +2 pair of gloves (worn)
Jewellery
 d - an amulet of magic regeneration (around neck)
 k - a ring of ice (left hand)
Scrolls
 f - a scroll of random uselessness {unknown}
 l - a scroll of identify
Potions
 g - 2 potions of might
Comestibles
 c - 7 rations


   Skills:
 + Level 2.6 Dodging
 + Level 2.5 Stealth
 + Level 4.7 Spellcasting
 + Level 5.6 Summonings


You had 3 spell levels left.
You knew the following spells:

 Your Spells              Type           Power        Failure   Level  Hunger
b - Call Imp              Summ           ####....     1%          2    #......
c - Summon Guardian Gole  Hex/Summ       ###.....     11%         3    ##.....
d - Summon Ice Beast      Ice/Summ       ####....     34%         4    ####...

Your spell library contained the following spells:

 Spells                   Type           Power        Failure   Level  Hunger
 Summon Small Mammal      Summ           ####         1%          1    None
 Call Canine Familiar     Summ           ####....     3%          3    ##.....
 Magic Dart               Conj           #...         11%         1    None
 Blink                    Tloc           N/A          17%         2    #......
 Slow                     Hex            #.......     17%         2    #......
 Conjure Flame            Conj/Fire      #.......     32%         3    ##.....
 Mephitic Cloud           Conj/Pois/Air  #.......     32%         3    ##.....
 Summon Lightning Spire   Summ/Air       ###.....     34%         4    ####...


Dungeon Overview and Level Annotations

Branches:
Dungeon (5/15)
 Temple: D:4-7

Altars:
Fedhas


Message History

You see here 15 gold pieces.
Your crimson imp blinks!
Found a blossoming altar of Fedhas.
A jelly comes into view.
The centaur shouts!
The jelly quivers.
The centaur wields a +0 shortbow.
The centaur shoots an arrow.
The arrow barely misses you.
The arrow barely misses your crimson imp.
The jelly moves out of view.
You swap places.
The centaur shoots an arrow.
The arrow hits you!
The centaur unwields a +0 shortbow.
The centaur hits the bush but does no damage.
You see here an arrow.
Casting: Call Imp (safe; 1% risk of failure)
Confirm with . or Enter, or press ? or * to list all spells.
A metallic apparition takes form in the air.
The centaur wields a +0 shortbow.
The centaur shoots an arrow.
The arrow barely misses your iron imp. The arrow hits you!
You die... #. .# # . .###.
P >. .#.# .P #. #..# PP_P

#...##.)####.PcP
##...##..#.5..PP
........5@8#
###...##.5#####..
..... #.†.......
##..# ##.###.###
#..###..####.#
.............#
#..####.######
#.# #..####.#


You could see a centaur, a friendly guardian golem, a friendly iron imp, a
friendly crimson imp and a friendly white imp.

Vanquished Creatures
  A withered plant (D:3)
1 creature vanquished.

Vanquished Creatures (collateral kills)
  A centaur skeleton (D:3)
  An orc priest (D:3)
  Terence (D:3)
  A hound skeleton (D:3)
  3 adders
  A worm (D:3)
  2 dart slugs (D:1)
  3 leopard geckos
  4 orcs (D:3)
  4 giant cockroaches
  3 goblins
  3 hobgoblins
  3 jackals (D:3)
  3 bats
  6 frilled lizards
  A giant cockroach zombie (D:5)
  2 kobolds
  A leopard gecko zombie (D:3)
  A rat (D:1)
  A withered plant (D:3)
45 creatures vanquished.

Grand Total: 46 creatures vanquished

Notes
Turn   | Place    | Note
-------+----------+-------------------------------------------
     0 | D:1      | FABLE the Deep Elf Summoner began the quest for the Orb.
     0 | D:1      | Reached XP level 1. HP: 10/10 MP: 6/6
   133 | D:1      | Reached XP level 2. HP: 13/15 MP: 1/8
   145 | D:1      | Learned a level 2 spell: Call Imp
   496 | D:3      | Reached skill level 5 in Summonings
   500 | D:3      | Reached XP level 3. HP: 19/19 MP: 0/10
  1030 | D:3      | Learned a level 3 spell: Summon Guardian Golem
  1049 | D:3      | Noticed Terence
  1105 | D:3      | Killed Terence
  1194 | D:3      | Reached XP level 4. HP: 23/24 MP: 3/12
  1200 | D:3      | Learned a level 4 spell: Summon Ice Beast
  1839 | D:5      | Entered Level 5 of the Dungeon
  1944 | D:5      | Noticed a centaur
  1958 | D:5      | Found a blossoming altar of Fedhas.
  1961 | D:5      | Shot with an arrow by a centaur

Skill      XL: |  1  2  3 |
---------------+----------+-----
Summonings     | 5 |  5.6
Spellcasting   | 4 |  4.7
Dodging        | |  2.6
Stealth        | |  2.5

Action                   |  1- 3 |  4- 6 || total
-------------------------+-------+-------++-------
Melee: Unarmed           |     1 |       ||     1
       Flail             |       |    21 ||    21
Throw: Stone             |     3 |       ||     3
 Cast: Summon Small Mamm |    35 |     9 ||    44
       Call Imp          |    12 |    12 ||    24
       Summon Guardian G |     5 |     5 ||    10
       Summon Ice Beast  |       |     1 ||     1
  Use: Scroll            |     4 |     3 ||     7
  Eat: Chunk             |     1 |     1 ||     2
       Ration            |       |     1 ||     1
Armor: Robe              |     5 |     4 ||     9
Dodge: Dodged            |    43 |    29 ||    72
